 Dungeon Crawl Stone Soup version 0.31-a0-234-gad7ace16ef (webtiles) character file.

Game seed: 1691389678514291565

5 qw the Vexing (level 1, -1/12 HPs)
             Began as a Gargoyle Hexslinger on July 9, 2023.
             Slain by a dart slug (3 damage)
             ... on level 1 of the Dungeon.
             The game lasted 00:00:04 (114 turns).

qw the Vexing (Gargoyle Hexslinger)                  Turns: 114, Time: 00:00:04

Health: -1/12      AC:  4    Str: 11    XL:     1   Next: 80%
Magic:  2/2        EV: 12    Int: 13    God:
Gold:   25         SH:  0    Dex: 12    Spells: 1/2 levels left

rFire   . . .        a - +1 sling
rCold   . . .        (no shield)
rNeg    + . .        c - +0 robe
rPois   inf          (no helmet)
rElec   +            (no cloak)
rCorr   .            (no gloves)
SInv    .            (no boots)
Will    .....        (no amulet)
Stlth   +            (no ring)
HPRegen 0.22/turn    (no ring)
MPRegen 0.08/turn

%: no passive effects
@: no status effects
A: sickness immunity, AC +2, negative energy resistance 1, electricity
resistance, torment resistance 1, petrification resistance
a: no special abilities


You were on level 1 of the Dungeon.
You visited 1 branch of the dungeon, and saw 1 of its levels.

You collected 25 gold pieces.


Innate Abilities, Weirdness & Mutations

You are immune to sickness and miasma.
Your stone body is resilient. (AC +2)
You are immune to poison.
You resist negative energy. (rN+)
You are resistant to electric shocks. (rElec)
You are resistant to unholy torment.
You are immune to petrification.


   Skills:
 - Level 1.1 Fighting
 + Level 2.5 Ranged Weapons
 - Level 1.5 Dodging
 - Level 1.0 Spellcasting
 - Level 2.6 Hexes


You had one spell level left.
You knew the following spells:

 Your Spells              Type           Power      Damage    Failure   Level
a - Slow                  Hex            28%        N/A       10%         1

Your spell library contained the following spells:

 Spells                   Type           Power      Damage    Failure   Level
 Inner Flame              Hex/Fire       4%         N/A       43%         3
 Portal Projectile        Hex/Tloc       8%         N/A       43%         3
 Cause Fear               Hex            3%         N/A       67%         4

Inventory:

Hand Weapons
 a - a +1 sling (weapon)
Armour
 c - a +0 robe (worn)
Scrolls
 b - a scroll of poison
 d - 3 scrolls of blinking {unknown}

Dungeon Overview and Level Annotations

Branches:
Dungeon (1/15)

Altars:


Message History

The bat completely misses you. The hobgoblin barely misses you.
The bat closely misses you.
You shoot a sling bullet.
The sling bullet closely misses the bat.
The bat hits you but does no damage. The hobgoblin hits you.
The bat barely misses you. The hobgoblin closely misses you.
You shoot a sling bullet. The sling bullet misses the bat.
The bat hits you but does no damage. The dart slug closely misses you.
The hobgoblin barely misses you.
You shoot a sling bullet.
The sling bullet closely misses the bat.
The bat closely misses you. The dart slug launches a dart at you.
The slug dart misses you. The hobgoblin closely misses you. The bat misses you.
You shoot a sling bullet. The sling bullet hits the hobgoblin.
The hobgoblin is heavily wounded.
The bat hits you but does no damage. The hobgoblin barely misses you.
The dart slug closely misses you. The bat completely misses you.
The hobgoblin misses you.
You shoot a sling bullet.
The sling bullet completely misses the hobgoblin.
The bat closely misses you. x2; The dart slug barely misses you.
The hobgoblin hits you.
You shoot a sling bullet.
The sling bullet barely misses the hobgoblin.
The bat barely misses you. The bat misses you. The hobgoblin barely misses you.
The dart slug bites you but does no damage.
You shoot a sling bullet. The sling bullet hits the hobgoblin.
The hobgoblin is severely wounded.
The bat barely misses you.
The hobgoblin hits you but does no damage.
The bat barely misses you. The dart slug closely misses you.
You shoot a sling bullet. The sling bullet hits the hobgoblin.
You kill the hobgoblin!
The bat closely misses you. The bat misses you. The bat barely misses you.
The dart slug barely misses you.
You shoot a sling bullet. The sling bullet hits the dart slug!
The dart slug is severely wounded.
The bat barely misses you. The bat closely misses you. The dart slug bites you.
You die...

#########
#############........
.............#######
#.####..######
#.###.####..####
#.....w........# #
##$#@b...##.# ##
#%###.# # #####. .$..
..# ...... #........
#####. ###.###### ##
#.# # #.# #.#


You could see a dart slug and a bat.

Vanquished Creatures
  An endoplasm (D:1)
  2 hobgoblins (D:1)
  A frilled lizard (D:1)
  A rat (D:1)
5 creatures vanquished.

Notes
Turn   | Place    | Note
-------+----------+-------------------------------------------
     0 | D:1      | qw the Gargoyle Hexslinger began the quest for the Orb.
     0 | D:1      | Reached XP level 1. HP: 12/12 MP: 2/2
     0 | D:1      | 0 ||| qw: Version: 0.3-a-51-g015441d
     0 | D:1      | 0 ||| qw: Game counter: 4314
     0 | D:1      | 0 ||| qw: Melee chars always use a shield: true
     0 | D:1      | 0 ||| qw: God list: Okawaru
     0 | D:1      | 0 ||| qw: Allow faded altars: false
     0 | D:1      | 0 ||| qw: Do Orc after clearing Dungeon:15 true
     0 | D:1      | 0 ||| qw: Do second Lair branch before Depths: true
     0 | D:1      | 0 ||| qw: Lair rune preference: random
     0 | D:1      | 0 ||| qw: Goals: Normal
     0 | D:1      | 0 ||| PLANNING D:1-11
   106 | D:1      | HP: 3/12 [hobgoblin (3)]
   110 | D:1      | HP: 1/12 [hobgoblin (3)]
   114 | D:1      | Slain by a dart slug

Levels and vault maps discovered:
D:1:      scummos_arrival_checkerplants, layout_loops_ring,
          hellmonk_ecumenical_altar_inner_sanctum, minmay_misc_feat_four_crosses

Action                     || total
---------------------------++-------
   Fire: Sling             ||    26
 Armour: Robe              ||     7
  Dodge: Dodged            ||    34

Table legend:
 A = Non-vault XP
 B = Vault XP
 C = Vault XP percentage of total XP
 D = Non-vault monster count
 E = Vault monster count
 F = Vault count percentage of total count
                 A         B        C        D         E       F
            +---------+---------+-------+---------+---------+-------
      Total |       8 |       0 |   0.0 |       5 |       0 |   0.0
            +---------+---------+-------+---------+---------+-------
        D:1 |       8 |       0 |   0.0 |       5 |       0 |   0.0
            +---------+---------+-------+---------+---------+-------
